 Dungeon Crawl Stone Soup version 0.31-a0-819-gf6de2f5ab6 (webtiles) character file.

Game seed: 15196030654610427891

672 Kurtz the Chopper (level 7, -2/49 HPs)
             Began as an Octopode Fighter on Sept 25, 2023.
             Was an Initiate of Makhleb.
             Slain by a sky beast (6 damage)
             ... on level 6 of the Dungeon.
             The game lasted 00:03:36 (4124 turns).

Kurtz the Chopper (Octopode Fighter)                Turns: 4124, Time: 00:03:37

Health: -2/49      AC:  1    Str: 20 (21) XL:     7   Next: 58%
Magic:  8/8        EV: 14    Int:  7 (10) God:    Makhleb [......]
Gold:   350        SH:  5    Dex: 12 (14) Spells: 6/6 levels left

rFire   . . .        a - +0 war axe
rCold   + . .        b - +0 buckler
rNeg    . . .        (helmet restricted)
rPois   .            x - amulet of the acrobat
rElec   .            d - ring of wizardry
rCorr   .            l - ring of protection from cold
SInv    .            o - +6 ring of strength
Will    .....        (no ring)
Stlth   ++           (no ring)
HPRegen 0.28/turn    (no ring)
MPRegen 0.11/turn    (no ring)
                     (no ring)

%: acrobat, wizardry (x1)
@: no status effects
A: almost no armour, amphibious, 8 rings, camouflage 1, gelatinous body 1,
(nimble swimmer 1), tentacles
a: Renounce Religion


You were on level 6 of the Dungeon.
You worshipped Makhleb.
Makhleb was noncommittal.
You visited 2 branches of the dungeon, and saw 7 of its levels.

You collected 350 gold pieces.

Inventory:

Hand Weapons
 a - a +0 war axe (weapon)
Missiles
 j - 8 poisoned darts
Armour
 b - a +0 buckler (worn)
Jewellery
 d - a ring of wizardry (left tentacle)
 i - a ring of ice
 l - a ring of protection from cold (right tentacle)
 o - a +6 ring of strength (on tentacle)
 x - an amulet of the acrobat (around mantle)
 A - a ring of poison resistance
Wands
 p - a wand of flame (12)
 w - a wand of paralysis (25)
Scrolls
 e - 4 scrolls of teleportation {unknown}
 g - 2 scrolls of fog {unknown}
 h - a scroll of torment {unknown}
 r - 5 scrolls of immolation {unknown}
 t - a scroll of poison {unknown}
 u - 2 scrolls of revelation {unknown}
 v - 6 scrolls of identify {unknown}
 y - a scroll of acquirement {unknown}
 B - a scroll of amnesia {unknown}
Potions
 c - a potion of might
 f - a potion of curing
 k - 3 potions of heal wounds
 m - a potion of enlightenment {unknown}
 n - a potion of resistance {unknown}
 q - 2 potions of brilliance {unknown}
 s - 2 potions of degeneration
 z - a potion of ambrosia {unknown}


   Skills:
 * Level 4.9 Fighting
 + Level 5.1 Axes
 * Level 4.6 Dodging
 * Level 4.3 Shields
 * Level 1.5 Invocations


You had 6 spell levels left.
You didn't know any spells.
Your spell library contained the following spells:

 Spells                   Type           Power      Damage    Failure   Level
 Cigotuvi's Dreadful Rot  Necr/Pois/Air  0%         N/A       32%         2
 Ignite Poison            Fire/Tmut/Pois 0%         N/A       52%         3
 Freezing Cloud           Conj/Ice/Air   0%         6-21      99%         5


Dungeon Overview and Level Annotations

Branches:
Dungeon (6/15)             Temple (1/1) D:5

Altars:
Cheibriados
Dithmenos
Elyvilon
Gozag
Kikubaaqudgha
Makhleb
Nemelex Xobeh
Okawaru
Ru
Sif Muna
Uskayaw
Yredelemnul
Zin

Annotations:
D:4 1 runed translucent door, verda's ghost, amateur GrBe
D:5 1 runed translucent door, awesomeguy42's ghost, novice HuNe
D:6 Edmund


Innate Abilities, Weirdness & Mutations

You cannot wear most types of armour.
You are amphibious.
You can wear up to eight rings at the same time.
Your skin changes colour to match your surroundings (Stealth+).
Your rubbery body absorbs attacks. (AC +1, EV +1)
((You are camouflaged when in or above water. (Stealth+)))
You have tentacles for arms and can constrict up to eight enemies at once.


Message History

You start resting.
HP restored.
You climb downwards.
Level annotation: Edmund The sky beast closely misses you.
There is a stone staircase leading up here.
You miss the sky beast. Your squeeze misses the sky beast.
The sky beast barely misses you.
You closely miss the sky beast. The sky beast hits you.
The sky beast shocks you. The sky beast hits you. The sky beast shocks you.
Unknown command.
You hit the sky beast.
The sky beast is moderately wounded.
The sky beast barely misses you.
Unknown command.
You closely miss the sky beast. You squeeze the sky beast!
The sky beast is heavily wounded.
The sky beast barely misses you.
You barely miss the sky beast. Your squeeze misses the sky beast.
The sky beast is heavily wounded.
The sky beast hits you. The sky beast shocks you.
The sky beast flickers out of sight!
Deactivating autopickup; reactivate with Ctrl-A.
Something hits you. Something shocks you.
* * * LOW HITPOINT WARNING * * *
Aiming: Throw Flame
Press: ? - help, Shift-Dir - straight line Something hits you but does no damage.
Aiming: Throw Flame
Press: ? - help, Shift-Dir - straight line The puff of flame hits something.
Something hits you.
* * * LOW HITPOINT WARNING * * *
Something shocks you.
* * * LOW HITPOINT WARNING * * *
Aiming: Throw Flame
Press: ? - help, Shift-Dir - straight line Something hits you.
* * * LOW HITPOINT WARNING * * *
Something shocks you.
You die...

.......# #.<..# #..
#....####....##...
#...............#..
#.....###....#.....
#.......#.[[[......
#†..........##....
#...........# #...
####........# ?.
#{@..#...#
#######......
##.#### #.# #.# .#


There were no monsters in sight!

Vanquished Creatures
  An ice beast (D:5)
  A phantom (D:4)
  2 bullfrogs
  2 jellies (D:4)
  2 hounds (D:4)
  A sleepcap (D:6)
  An iguana (D:4)
  2 orc wizards (D:6)
  A gnoll (D:4)
  5 adders
  3 worms
  4 dart slugs
  8 orcs
  10 endoplasms
  5 giant cockroaches
  9 goblins
  6 hobgoblins
  A jackal (D:1)
  7 kobolds
  A quokka (D:1)
  6 ball pythons
  2 bats
  10 frilled lizards
  6 rats
96 creatures vanquished.

Notes
Turn   | Place    | Note
-------+----------+-------------------------------------------
     0 | D:1      | Kurtz the Octopode Fighter began the quest for the Orb.
     0 | D:1      | Reached XP level 1. HP: 16/16 MP: 1/1
    45 | D:1      | Found a basalt altar of Yredelemnul.
   208 | D:1      | Reached XP level 2. HP: 19/21 MP: 2/2
   746 | D:2      | Reached XP level 3. HP: 26/26 MP: 3/3
  1715 | D:3      | Found a faded altar of an unknown god.
  1727 | D:3      | Reached XP level 4. HP: 30/31 MP: 4/4
  2138 | D:4      | Reached skill level 3 in Axes
  2145 | D:4      | Reached XP level 5. HP: 23/37 MP: 5/5
  2380 | D:4      | Noticed a phantom
  2391 | D:4      | Killed a phantom
  2392 | D:4      | Reached XP level 6. HP: 36/43 MP: 6/6
  2425 | D:4      | Reached skill level 4 in Axes
  2443 | D:4      | Found a runed translucent door.
  2443 | D:4      | Noticed verda's ghost (amateur GrBe)
  2974 | D:5      | Entered Level 5 of the Dungeon
  3043 | D:5      | Found a staircase to the Ecumenical Temple.
  3090 | Temple   | Entered the Ecumenical Temple
  3118 | Temple   | Became a worshipper of Makhleb the Destroyer
  3256 | D:5      | Found an iron altar of Okawaru.
  3495 | D:5      | Found a runed translucent door.
  3496 | D:5      | Noticed awesomeguy42's ghost (novice HuNe)
  3698 | D:6      | Noticed an ice beast
  3721 | Temple   | Reached XP level 7. HP: 21/49 MP: 7/7
  3829 | D:5      | Reached skill level 1 in Invocations
  3935 | D:6      | Noticed Edmund
  3972 | D:6      | Reached skill level 5 in Axes
  4124 | D:6      | Slain by a sky beast

Illustrated notes

Levels and vault maps discovered:
D:1:      reono_arrival_forest_river, layout_basic, minmay_hexomino_r4
D:2:      layout_loops_ring, minmay_lizard_pond
D:3:      layout_loops_ring, ebering_ecumenical_altar_box
D:4:      layout_rooms, gammafunk_ghost_grave, minmay_joined_circles
D:5:      layout_basic, mainiacjoe_overflow_concentric_impassable,
          minmay_temple_entry_mini_moons, ebering_ghost_reflecting_pool,
          minivault_27
D:6:      layout_basic, serial_shops, nicolae_shop_pleasant_corner_grove,
          uniq_edmund
Temple:   bh_familiar_temple

Skill      XL: |  1  2  3  4  5  6  7 |
---------------+----------------------+-----
Axes           | 3 4 5 |  5.1
Fighting       | 4 |  4.9
Dodging        | 4 |  4.6
Shields        | 4 |  4.3
Invocations    | 1 |  1.5

Action                     |  1- 3 |  4- 6 |  7- 9 || total
---------------------------+-------+-------+-------++-------
  Melee: War axe           |    70 |    69 |    31 ||   170
         Constrict         |    14 |    14 |     5 ||    33
         Tentacles         |    10 |    11 |     6 ||    27
         Punch             |     1 |       |     1 ||     2
  Evoke: Wand              |       |     2 |     6 ||     8
    Use: Potion            |       |       |     3 ||     3
   Stab: Sleeping          |     9 |     8 |       ||    17
         Paralysed         |       |       |     2 ||     2
 Armour: Skin              |    30 |    31 |    26 ||    87
  Dodge: Dodged            |    41 |    50 |    26 ||   117
  Block: Buckler           |     7 |     8 |     5 ||    20

Table legend: (Time is in decaauts)
 A = Elapsed time spent in this place.
 B = Non-inter-level travel time spent in this place.
 C = Inter-level travel time spent in this place.
 D = Time resting spent in this place.
 E = Time spent auto-exploring this place.
 F = Levels seen in this place.
 G = Mean time per level.
                   A        B        C        D        E       F      G
               +--------+--------+--------+--------+--------+-----+--------+
         Total |   4187 |   3911 |    276 |    561 |   2669 |   7 |  598.1 |
       Dungeon |   4028 |   3794 |    234 |    461 |   2669 |   6 |  671.3 |
        Temple |    158 |    116 |     42 |    100 |      0 |   1 |  158.0 |
               +--------+--------+--------+--------+--------+-----+--------+

Top non-repeatable levels by time:
     D:2: 886 daAuts
     D:4: 880 daAuts
     D:5: 840 daAuts
     D:3: 657 daAuts
     D:1: 598 daAuts
     D:6: 165 daAuts
  Temple: 158 daAuts
